 Dungeon Crawl Stone Soup version 0.21.1-72-gffa868e0fe (webtiles) character file.

297119 Buffaloe the Wrestler (level 20, 0/208 HPs)
             Began as a Troll Hunter on Aug 5, 2018.
             Was the Champion of Makhleb.
             Killed by the raging water
             ... invoked by a water nymph
              (32 damage)
             ... on level 4 of the Shoals.
             The game lasted 02:58:26 (37233 turns).

Buffaloe the Wrestler (Troll Hunter)               Turns: 37233, Time: 02:58:27

Health: 0/208      AC: 34    Str: 26    XL:     20   Next: 43%
Magic:  26/26      EV: 17    Int:  2    God:    Makhleb [******]
Gold:   2820       SH: 15    Dex: 19    Spells: 19/19 levels left

rFire    . . .     SeeInvis .     - Unarmed
rCold    + + .     Gourm    +   d - +3 shield of the Ageless Allies {*Drain rC++ Dex+2}
rNeg     + + +     Faith    +   m - +4 storm dragon scales {Bai Suzhen}
rPois    +         Spirit   .   b - +2 hat
rElec    +         Reflect  .   z - +2 cloak
rCorr    .         Harm     .   (gloves unavailable)
MR       +....                  (boots unavailable)
Stlth    ..........             F - amulet of faith
HPRegen  0.84/turn              W - ring of poison resistance
MPRegen  0.20/turn              S - ring "Qeefe" {rN+++ AC+6 Int-4}

@: agile, very slightly contaminated, very slow
A: large, unfitting armour, claws 3, clumsy 1, dopey 1, fast metabolism 3,
gourmand, regeneration 1, shaggy fur 1, tough skin 2
}: 1/15 runes: gossamer
a: Minor Destruction, Lesser Servant of Makhleb, Major Destruction, Greater
Servant of Makhleb, Renounce Religion


You were on level 4 of the Shoals.
You worshipped Makhleb.
Makhleb was exalted by your worship.
You were very full.

You visited 7 branches of the dungeon, and saw 36 of its levels.
You visited 1 bazaar.
You also visited: Ice Cave.

You collected 4368 gold pieces.
You spent 1548 gold pieces at shops.

Inventory:

Armour
 b - a +2 hat (worn)
 d - the +3 shield of the Ageless Allies (worn) {*Drain rC++ Dex+2}
   (You took it off Donald on level 1 of the Spider Nest)

   It affects your dexterity (+2).
   It greatly protects you from cold.
   It causes draining when unequipped.
 m - +4 storm dragon scales (worn) {Bai Suzhen}
 z - a +2 cloak (worn)
 P - a +1 large shield of protection
 X - a scarf of spirit shield
Jewellery
 c - a +5 ring of dexterity
 j - an uncursed ring of see invisible
 v - a +2 ring of protection
 y - an uncursed ring of protection from fire {unknown}
 D - an uncursed ring of fire
 F - an amulet of faith (around neck)
 L - an uncursed ring of protection from cold
 S - the ring "Qeefe" (right claw) {rN+++ AC+6 Int-4}
   (You found it on level 12 of the Dungeon)

   [ring of protection]

   It affects your AC (+6).
   It affects your intelligence (-4).
   It renders you almost immune to negative energy.
 W - a ring of poison resistance (left claw)
Wands
 q - a wand of acid (10)
 t - a wand of digging (21)
 O - a wand of enslavement (42)
 V - a wand of paralysis (31)
Scrolls
 a - 6 scrolls of teleportation
 h - 3 scrolls of fog
 l - 15 scrolls of remove curse
 r - 3 scrolls of enchant armour
 s - 2 scrolls of summoning
 u - 3 scrolls of enchant weapon
 x - 6 scrolls of blinking
 A - 6 scrolls of magic mapping
 N - 4 scrolls of fear
 T - a scroll of brand weapon
 U - a scroll of holy word
Potions
 e - a potion of curing
 i - a potion of resistance
 n - 3 potions of flight
 o - 2 potions of haste
 p - a potion of magic
 w - 2 potions of invisibility
 B - a potion of berserk rage
 E - 3 potions of brilliance
 G - 2 potions of ambrosia
 I - 5 potions of lignification
Miscellaneous
 J - a lightning rod (3/4)
Comestibles
 f - 51 rations


   Skills:
 + Level 14.7 Fighting
 - Level 3.6 Throwing
 + Level 12.7 Armour
 - Level 8.2 Dodging
 - Level 0.3 Stealth
 - Level 9.0 Shields
 * Level 22.5 Unarmed Combat
 + Level 10.3 Invocations


You had 19 spell levels left.
You didn't know any spells.

Dungeon Overview and Level Annotations

Branches:
Dungeon (15/15)            Temple (1/1) D:5            Lair (6/6) D:9
 Shoals (4/4) Lair:2       Spider (4/4) Lair:2        Slime (0/5) Lair:6
    Orc (2/2) D:11            Elf (0/3) Orc:2        Vaults (4/5) D:13
  Crypt (0/3) Vaults:2     Depths (0/5) D:15

Altars:
Ashenzari
Cheibriados
Dithmenos
Elyvilon
Fedhas
Gozag
Hepliaklqana
Kikubaaqudgha
Makhleb
Nemelex Xobeh
Okawaru
Qazlal
Ru
Sif Muna
Trog
Uskayaw
Vehumet
Wu Jian
Xom
Yredelemnul
Zin
The Shining One

Shops:
D:5 *   D:13 }   D:15 %*%}?   Orc:2 [=*(*(   Vaults:1 ?

Portals:
Hell: Lair:6

Annotations:
D:15 Louise
Vaults:2 Mennas


Innate Abilities, Weirdness & Mutations

You are too large for most types of armour.
You have claws for hands.
Your metabolism is lightning-fast.
You like to eat raw meat.
Your natural rate of healing is unusually fast.
You are covered in fur. (AC +1)
You have very tough skin. (AC +2)
You are clumsy. (Dex -2)
You are dopey. (Int -2)


Message History

* * * LOW HITPOINT WARNING * * *
Found a knobbly runed staff.
A water nymph comes into view.
Unknown command.
As you read the scroll of fear, it crumbles to dust.
You assume a fearsome visage.
The water nymph resists with some effort.
The wind drake looks frightened!
The water nymph looks frightened!
A merfolk comes into view. It is wielding a trident.
The merfolk shouts!
You hear a shout!
Cornered, the wind drake turns to fight!
The merfolk throws a throwing net.
The throwing net misses you.
You hear a splash.
You see here a throwing net.
The wind drake flaps its wings at you. The air twists around and strikes you!
* * * LOW HITPOINT WARNING * * *
The water nymph casts a spell at you. The water swirls and strikes you!
You die...

≈.≈≈≈≈≈≈PP.m.....
≈.≈≈≈≈≈≈P≈.Pm.(# ≈≈
≈.≈≈≈≈≈≈mP.....#######≈≈
...≈≈≈≈≈≈(tP.###≈≈#≈≈≈#
...≈≈≈≈≈(SP..##≈≈≈≈≈≈≈#
....≈≈≈≈≈≈3..# ≈m#m#≈≈#
....≈m≈≈≈≈≈..###≈≈|≈≈#
....≈≈≈≈≈≈≈≈..##m#.#≈##
.....≈≈≈≈≈≈≈.≈#≈@≈≈≈k≈#
≈≈###.≈≈≈≈m≈.###≈≈.#≈##
### #..≈≈≈≈≈..≈##### #
###(≈≈≈.... ≈≈ #≈≈≈≈≈≈..
#≈# ##≈≈≈≈≈... ≈ ≈
#(≈(≈m≈... #≈ ##(≈≈≈≈...
##()≈≈≈...


You could see a wind drake, a merfolk and 2 water nymphs.

Vanquished Creatures
  Boris (Vaults:3)
  Nikola (Lair:2)
  Arachne (Spider:2)
  Jorgrun (Spider:4)
  A lich (Vaults:3)
  2 acid blobs (Lair:6)
  A kraken (Shoals:2)
  2 sphinxes
  A shadow dragon (Vaults:4)
  2 storm dragons
  Roxanne (Spider:3)
  Donald (Spider:1)
  An azure jelly (Lair:6)
  Aizul (Vaults:3)
  4 fire giants
  3 ghost moths
  4 frost giants
  The ghost of Fascinator the Peltast, a journeyman MiFi of Qazlal (Orc:2)
  A deep elf sorcerer (Vaults:3)
  3 orc warlords
  9 vault wardens
  11 emperor scorpions
  5 ironheart preservers
  7 stone giants
  2 entropy weavers
  Azrael (Spider:3)
  A very ugly thing (Vaults:4)
  5 death oozes
  A merfolk impaler (Shoals:3)
  An ettin (Vaults:2)
  A merfolk javelineer (Shoals:4)
  A fire dragon (Vaults:3)
  A jiangshi (Vaults:2)
  5 ogre magi
  A deep elf high priest (Vaults:4)
  2 great orbs of eyes
  11 vault guards
  A rakshasa (Vaults:3)
  10 yaktaur captains
  Fannar (Lair:2)
  7 ice dragons
  A hydra (D:12)
  An alligator snapping turtle (Shoals:2)
  3 merfolk avatars (Shoals:3)
  12 centaur warriors
  A death knight (D:13)
  The ghost of Dommiel19 the Basher, a journeyman GrFi of Okawaru (D:10)
  2 satyrs
  2 tengu warriors
  22 two-headed ogres
  A deep troll earth mage (Vaults:3)
  7 orc high priests (Orc:2)
  3 deep elf knights
  3 skeletal warriors (D:15)
  2 glowing orange brains
  An unseen horror (D:12)
  The ghost of ciphuk the Covert, a novice FeEn of Ashenzari (D:12)
  4 deep trolls
  11 sea snakes
  2 wizards
  4 flayed ghosts
  13 ironbrand convokers
  3 deep elf archers
  6 deep elf magi
  The ghost of Gargoyl the Chopper, a novice CeAK of Lugonu (D:5)
  A sphinx zombie (Vaults:4)
  18 ugly things
  10 orc knights
  An oklob plant (Lair:2)
  5 necromancers
  18 orb spiders
  16 harpies
  A wolf spider zombie (D:15)
  2 human zombies (Vaults:2)
  8 orc sorcerers
  2 cyclopes
  20 wolf spiders
  7 fauns
  2 tengu skeletons (Vaults:2)
  11 manticores
  The ghost of Dommiel19 the Slicer, a novice KoFi of Okawaru (D:6)
  4 elephants
  2 moths of wrath
  13 slime creatures
  2 ice statues (IceCv)
  5 merfolk sirens
  2 torpor snails (Lair:3)
  3 black mambas
  A molten gargoyle (D:13)
  14 vault sentinels
  An orange demon (Lair:6)
  2 water nymphs
  A centaur skeleton (D:12)
  A gargoyle (D:10)
  9 spiny frogs
  2 yaktaur zombies
  A rime drake (shapeshifter) (Vaults:4)
  6 freezing wraiths
  6 komodo dragons
  10 demonic crawlers
  9 rime drakes
  2 kobold demonologists (D:11)
  32 yaktaurs
  A red devil (Lair:6)
  14 trolls
  2 meliai (Spider:3)
  4 wind drakes
  A meliai (shapeshifter) (Vaults:4)
  2 queen bees
  A jumping spider (shapeshifter) (Vaults:4)
  32 jumping spiders
  24 merfolk
  A troll (shapeshifter) (D:12)
  16 hippogriffs
  A sphinx simulacrum (Vaults:4)
  12 blink frogs
  2 hippogriffs (shapeshifter)
  5 dream sheep
  5 hornets
  3 snapping turtles
  2 shadows
  8 wraiths
  A yak (shapeshifter) (Vaults:4)
  86 redbacks
  4 wyverns
  69 yaks
  25 tarantellas
  7 hogs (Spider:3)
  Grum (D:8)
  2 water elementals (Shoals:3)
  2 fire elementals
  A hungry ghost (D:15)
  2 vampire mosquitoes (D:13)
  A yaktaur simulacrum (Vaults:3)
  10 wargs
  A deep troll zombie (Vaults:4)
  3 acid dragons
  The ghost of Shavain the Magician, an amateur OpWz (D:4)
  9 hell hounds
  A floating eye (shapeshifter) (Vaults:4)
  15 water moccasins
  15 porcupines
  3 black bears (shapeshifter)
  26 ice beasts
  40 orc warriors
  A hornet zombie (D:7)
  2 phantoms
  3 sky beasts
  3 black bears (D:9)
  An eye of draining (shapeshifter) (Vaults:3)
  A necrophage (D:10)
  16 ogres
  5 boggarts
  An elf zombie (Vaults:2)
  30 centaurs
  11 crocodiles
  5 wolves
  5 big kobolds
  24 bullfrogs
  A wyvern zombie (D:13)
  A human skeleton (Vaults:2)
  7 scorpions
  27 killer bees
  An elf simulacrum (Vaults:1)
  8 wights
  3 lava snakes
  9 crimson imps
  7 hounds
  A centaur zombie (D:11)
  10 jellies
  13 orc priests
  A bullfrog skeleton (D:12)
  19 orc wizards
  9 iguanas
  10 worker ants
  5 hell rats (Lair:5)
  A hound zombie (D:10)
  2 hound skeletons
  A howler monkey zombie (D:11)
  A worker ant zombie (D:10)
  12 adders
  A shadow imp (D:14)
  2 oozes
  2 adder zombies (D:6)
  An adder skeleton (D:5)
  A worm (D:3)
  A dart slug (D:2)
  3 leopard geckos
  79 orcs
  3 bats
  6 giant cockroaches
  7 goblins
  6 hobgoblins
  6 jackals
  22 kobolds
  4 quokkas
  5 frilled lizards
  A quokka skeleton (D:9)
  6 rats
  A plant (Shoals:2)
  4 tentacles (Shoals:2)
1354 creatures vanquished.

Vanquished Creatures (collateral kills)
  Bai Suzhen (Shoals:4)
  Kirke (Spider:3)
  A kraken (Shoals:1)
  A fire giant (Vaults:2)
  2 vault wardens (Vaults:3)
  An entropy weaver (Spider:4)
  Nessos (Lair:6)
  A merfolk javelineer (Shoals:3)
  Josephine (Spider:1)
  A merfolk impaler (Shoals:4)
  5 hydras
  A two-headed ogre (Vaults:3)
  2 ogre magi
  A deep elf knight (Vaults:1)
  A sixfirhy (Lair:6)
  A deep troll (Vaults:3)
  2 deep elf archers (Vaults:3)
  An ironbrand convoker (Vaults:3)
  2 orc knights
  3 fauns
  An orb spider (Spider:3)
  A deep elf mage (Vaults:1)
  2 elephants (Lair:3)
  A merfolk siren (Shoals:2)
  A spiny frog (Lair:6)
  An orange demon (Lair:6)
  A smoke demon (Lair:6)
  A komodo dragon (Lair:6)
  A yaktaur (Vaults:1)
  An ice devil (Lair:6)
  A red devil (Lair:6)
  2 merfolk (Shoals:4)
  A meliai (Spider:3)
  2 jumping spiders
  A hornet (Spider:3)
  A hippogriff (Lair:6)
  3 dream sheep (Lair:6)
  4 redbacks (Spider:3)
  A tarantella (Spider:2)
  3 hell hounds
  A centaur (Vaults:4)
  6 killer bees
  A jelly (Lair:6)
  2 orcs
  3 plants
73 creatures vanquished.

Vanquished Creatures (others)
  A wolf spider (Lair:2)
  2 redbacks
  An ogre (Orc:2)
  2 boggarts (Vaults:3)
  An orc (Orc:2)
  A bush (Lair:4)
  15 fungi
  11 plants
  20 tentacles
54 creatures vanquished.

Grand Total: 1481 creatures vanquished

Notes
Turn   | Place    | Note
-------+----------+-------------------------------------------
     0 | D:1      | Buffaloe the Troll Hunter began the quest for the Orb.
     0 | D:1      | Reached XP level 1. HP: 19/19 MP: 0/0
   112 | D:1      | Reached skill level 1 in Unarmed Combat
   142 | D:1      | Reached XP level 2. HP: 28/28 MP: 1/1
   604 | D:2      | Reached skill level 2 in Unarmed Combat
   604 | D:2      | Reached XP level 3. HP: 26/35 MP: 2/2
  1140 | D:3      | Reached XP level 4. HP: 33/42 MP: 3/3
  1604 | D:3      | Reached skill level 3 in Unarmed Combat
  1657 | D:4      | Reached XP level 5. HP: 41/50 MP: 4/4
  1816 | D:4      | Found a sparkling altar of Nemelex Xobeh.
  1817 | D:4      | Noticed Shavain's ghost (amateur OpWz)
  1826 | D:4      | Killed Shavain's ghost
  1826 | D:4      | Reached skill level 4 in Unarmed Combat
  1826 | D:4      | Reached XP level 6. HP: 55/59 MP: 5/5
  2222 | D:5      | Entered Level 5 of the Dungeon
  2222 | D:5      | Noticed Gargoyl's ghost (novice CeAK)
  2456 | D:5      | Got a bloodstained robe
  2473 | D:5      | Identified the +2 robe "Balar" {rN+} (You found it on level 5 of the Dungeon)
  2509 | D:5      | Found Omuamery's Assorted Antiques.
  2517 | D:5      | Bought a fuming red potion for 22 gold pieces
  2517 | D:5      | Bought a scroll labeled YGRORR ESEIPH for 25 gold pieces
  2517 | D:5      | Bought a scroll labeled WOEJOYNKISS for 25 gold pieces
  2573 | D:5      | Found a staircase to the Ecumenical Temple.
  2587 | D:5      | Reached skill level 5 in Unarmed Combat
  2587 | D:5      | Reached XP level 7. HP: 56/67 MP: 6/6
  2620 | Temple   | Entered the Ecumenical Temple
  2863 | Temple   | Became a worshipper of Makhleb the Destroyer
  3119 | D:5      | Killed Gargoyl's ghost
  3119 | D:5      | Reached skill level 6 in Unarmed Combat
  3119 | D:5      | Reached XP level 8. HP: 48/78 MP: 7/7
  3447 | D:6      | Reached skill level 7 in Unarmed Combat
  3521 | D:6      | Noticed Dommiel19's ghost (novice KoFi)
  3537 | D:6      | Killed Dommiel19's ghost
  3567 | D:6      | Reached skill level 5 in Fighting
  3567 | D:6      | Reached skill level 5 in Dodging
  3567 | D:6      | Reached skill level 8 in Unarmed Combat
  3689 | D:6      | Reached XP level 9. HP: 80/88 MP: 8/8
  3819 | D:6      | Reached * piety under Makhleb
  4450 | D:7      | Reached skill level 9 in Unarmed Combat
  5409 | D:8      | Noticed Grum
  5412 | D:8      | Killed Grum
  5522 | D:8      | Reached skill level 10 in Unarmed Combat
  5759 | D:8      | Reached ** piety under Makhleb
  5759 | D:8      | Reached XP level 10. HP: 97/98 MP: 9/9
  5896 | D:8      | Got a warped whip
  5897 | D:8      | Identified the +7 whip "Nieced" {distort, Int+2 Dex+4} (You found it on level 8 of the Dungeon)
  5904 | D:8      | Gained mutation: You are dopey. (Int -2) [mutagenic glow]
  6386 | D:8      | You fall through a shaft!
  6459 | D:9      | Reached skill level 11 in Unarmed Combat
  6478 | D:9      | Found a staircase to the Lair.
  6991 | D:9      | You fall through a shaft for 3 floors!
  6991 | D:12     | Noticed ciphuk's ghost (novice FeEn)
  7009 | D:12     | Found a flickering gateway to a bazaar.
  7021 | Bazaar   | Entered a bazaar
  7117 | Bazaar   | Found Biaged's Antique Weapon Emporium.
  7140 | Bazaar   | Found Aquwkax's Book Emporium.
  7162 | Bazaar   | Found Fiduf's Antique Weapon Emporium.
  7180 | Bazaar   | Found Rozeak's Assorted Antiques.
  7180 | Bazaar   | Found Itoruc's Antique Weapon Shoppe.
  7210 | Bazaar   | Bought a wooden wand for 64 gold pieces
  7481 | D:11     | Reached *** piety under Makhleb
  7636 | D:10     | Entered Level 10 of the Dungeon
  7692 | D:10     | Reached skill level 1 in Invocations
  7692 | D:10     | Reached XP level 11. HP: 109/109 MP: 10/10
  7851 | D:10     | Found a burning altar of Makhleb.
  7996 | D:10     | Reached skill level 12 in Unarmed Combat
  8090 | D:10     | Reached **** piety under Makhleb
  8509 | D:10     | Noticed Dommiel19's ghost (journeyman GrFi)
  8531 | Lair:1   | Entered Level 1 of the Lair of Beasts
  8563 | Lair:1   | Found a labyrinth entrance.
  9283 | Lair:2   | Found a hole to the Spider Nest.
  9546 | Lair:2   | Reached skill level 13 in Unarmed Combat
  9563 | Lair:2   | Found a staircase to the Shoals.
  9632 | Lair:2   | Noticed Fannar
  9662 | Lair:2   | Killed Fannar
  9662 | Lair:2   | Reached XP level 12. HP: 109/120 MP: 12/14
  9696 | Lair:2   | Found a snail-covered altar of Cheibriados.
  9728 | Lair:2   | Reached ***** piety under Makhleb
  9734 | Lair:2   | Reached skill level 1 in Armour
 10498 | Lair:3   | Noticed a four-headed hydra
 10506 | Lair:3   | Killed an eight-headed hydra
 10798 | Lair:3   | Reached skill level 14 in Unarmed Combat
 10905 | Lair:3   | Found a snail-covered altar of Cheibriados.
 11884 | Lair:4   | Reached skill level 1 in Shields
 12247 | Lair:5   | Reached XP level 13. HP: 127/131 MP: 15/15
 12897 | Lair:6   | Entered Level 6 of the Lair of Beasts
 12988 | Lair:6   | Reached skill level 15 in Unarmed Combat
 13091 | Lair:6   | Noticed a death ooze
 13096 | Lair:6   | Noticed an acid blob
 13097 | Lair:6   | Noticed a death ooze
 13098 | Lair:6   | Noticed an acid blob
 13098 | Lair:6   | Noticed an azure jelly
 13100 | Lair:6   | Noticed a death ooze
 13109 | Lair:6   | Noticed a death ooze
 13127 | Lair:5   | Killed a death ooze
 13337 | Lair:6   | Reached skill level 5 in Armour
 13436 | Lair:6   | Noticed Nessos
 13501 | Lair:6   | Killed Nessos
 13557 | Lair:6   | Killed a death ooze
 13561 | Lair:6   | Killed a death ooze
 13563 | Lair:6   | Killed an acid blob
 13563 | Lair:6   | Reached skill level 10 in Fighting
 13620 | Lair:6   | Killed a death ooze
 13707 | Lair:6   | Killed an acid blob
 13848 | Lair:6   | Killed an azure jelly
 13848 | Lair:6   | Reached XP level 14. HP: 126/141 MP: 16/16
 13954 | Lair:6   | Found a staircase to the Slime Pits.
 14104 | Lair:6   | Reached skill level 16 in Unarmed Combat
 14231 | Lair:6   | Found a burning altar of Makhleb.
 14395 | Lair:6   | Found a gateway to Hell.
 14808 | D:10     | Killed Dommiel19's ghost
 15208 | D:11     | Found a staircase to the Orcish Mines.
 15569 | D:12     | Reached skill level 5 in Shields
 15869 | D:12     | Noticed a storm dragon
 15899 | D:12     | Killed a storm dragon
 16053 | D:12     | Noticed a frost giant
 16066 | D:12     | Killed a frost giant
 16282 | D:12     | Got a glittering lead ring
 16284 | D:12     | Identified the ring "Qeefe" {rN+++ AC+6 Int-4} (You found it on level 12 of the Dungeon)
 16558 | D:12     | Killed ciphuk's ghost
 16737 | D:12     | Noticed a sphinx
 16741 | D:12     | Killed a sphinx
 16956 | D:13     | Found a gate to the Vaults.
 16976 | D:13     | Reached skill level 17 in Unarmed Combat
 17426 | D:13     | Reached XP level 15. HP: 150/150 MP: 17/17
 17528 | D:13     | Found a sparkling altar of Nemelex Xobeh.
 17575 | D:13     | Found Veonuune's Gadget Emporium.
 18109 | D:13     | Reached ****** piety under Makhleb
 19118 | D:15     | Entered Level 15 of the Dungeon
 19341 | D:15     | Found Yzuxkeu's Food Boutique.
 19375 | D:15     | Found a staircase to the Depths.
 19512 | D:15     | Found Paiwn's Magic Scroll Boutique.
 19516 | D:15     | Found Mosuboaq's General Store.
 19520 | D:15     | Bought a scroll of identify for 28 gold pieces
 19520 | D:15     | Bought a scroll of enchant armour for 105 gold pieces
 19520 | D:15     | Bought a scroll of identify for 28 gold pieces
 19520 | D:15     | Bought a scroll of blinking for 105 gold pieces
 19534 | D:15     | Found Suimok's Food Boutique.
 19566 | D:15     | Noticed Louise
 19788 | D:15     | Found Quus's Gadget Emporium.
 20105 | Orc:1    | Entered Level 1 of the Orcish Mines
 20200 | Orc:1    | Found a frozen archway.
 20212 | IceCv    | Entered an ice cave
 20505 | IceCv    | Got a bound sapphire amulet
 20591 | IceCv    | Reached skill level 18 in Unarmed Combat
 20989 | Orc:2    | Entered Level 2 of the Orcish Mines
 20989 | Orc:2    | Found a staircase to the Elven Halls.
 20989 | Orc:2    | Found Baag's General Store.
 21164 | Orc:2    | Noticed an orc warlord
 21188 | Orc:2    | Killed an orc warlord
 21214 | Orc:2    | Found Erihagy's Jewellery Emporium.
 21309 | Orc:1    | Noticed an orc warlord
 21341 | Orc:1    | Killed an orc warlord
 21361 | Orc:1    | Reached XP level 16. HP: 165/165 MP: 18/18
 21537 | Orc:2    | Found Jarrunaq's Antique Armour Boutique.
 21545 | Orc:2    | Bought a runed scarf for 256 gold pieces
 21644 | Orc:2    | Noticed Fascinator's ghost (journeyman MiFi)
 21669 | Orc:2    | Lost intelligence.
 22126 | Orc:2    | Found Xyntyfeve's Antique Weapon Shop.
 22158 | Orc:2    | Gained mutation: You are clumsy. (Dex -2) [a neqoxec]
 22301 | Orc:2    | Found Matoem's Assorted Antiques.
 22302 | Orc:2    | Found Ezeacim's Antique Weapon Emporium.
 22683 | Orc:2    | Killed Fascinator's ghost
 22762 | Orc:2    | Bought a scroll of identify for 58 gold pieces
 22762 | Orc:2    | Identified the amulet "Zelarass" {Inacc rPois Str+2 Stlth+} (You found it in an ice cave)
 22970 | Spider:1 | Entered Level 1 of the Spider Nest
 22993 | Spider:1 | Noticed Donald
 23133 | Spider:1 | Killed Donald
 23169 | Spider:1 | Got a dazzling shield
 23177 | Spider:1 | Noticed Nikola
 23208 | Lair:2   | Killed Nikola
 23302 | Lair:2   | Identified the +3 shield of the Ageless Allies {*Drain rC++ Dex+2} (You took it off Donald on level 1 of the Spider Nest)
 23543 | Spider:1 | Noticed Josephine
 23548 | Spider:1 | Killed Josephine
 24100 | Spider:2 | Noticed Arachne
 24281 | Spider:2 | Reached skill level 19 in Unarmed Combat
 24331 | Spider:2 | Killed Arachne
 24986 | Spider:3 | Noticed Kirke
 25031 | Spider:3 | Killed Kirke
 25031 | Spider:3 | Reached XP level 17. HP: 79/175 MP: 19/19
 25252 | Spider:3 | Noticed Azrael
 25514 | Spider:3 | Killed Azrael
 25930 | Spider:3 | Reached skill level 10 in Armour
 25941 | Spider:3 | Noticed Roxanne
 26027 | Spider:3 | Killed Roxanne
 26179 | Spider:4 | Entered Level 4 of the Spider Nest
 26717 | Spider:4 | Reached skill level 5 in Invocations
 26942 | Spider:4 | Lost intelligence.
 27245 | Spider:4 | Got a gossamer rune of Zot
 27561 | Spider:4 | Noticed Jorgrun
 27567 | Spider:4 | Killed Jorgrun
 27567 | Spider:4 | Reached skill level 20 in Unarmed Combat
 28034 | Vaults:1 | Entered Level 1 of the Vaults
 28225 | Vaults:1 | Found Xodielio's Magic Scroll Shoppe.
 28242 | Vaults:1 | Bought a scroll of acquirement for 832 gold pieces
 29060 | Vaults:1 | Reached XP level 18. HP: 170/185 MP: 21/21
 29502 | Vaults:1 | Identified Sif Muna's Disquisition on the Mutagenic Rocks
 30057 | Vaults:2 | Lost intelligence.
 30254 | Vaults:2 | Noticed Mennas
 30313 | Vaults:2 | Found a staircase to the Crypt.
 30327 | Vaults:2 | Paralysed by a hornet for 3 turns
 30655 | Vaults:2 | You fall through a shaft!
 30655 | Vaults:3 | Noticed a lich
 30663 | Vaults:3 | Killed a lich
 30685 | Vaults:3 | Noticed Boris
 30695 | Vaults:3 | Killed Boris
 31022 | Vaults:3 | Reached skill level 21 in Unarmed Combat
 31385 | Vaults:3 | Noticed Aizul
 31426 | Vaults:3 | Killed Aizul
 31476 | Vaults:3 | Reached XP level 19. HP: 154/196 MP: 24/24
 32821 | Vaults:4 | Paralysed by a floating eye for 3 turns
 33822 | Vaults:2 | Reached skill level 22 in Unarmed Combat
 33926 | Vaults:2 | Got a translucent steel ring
 33928 | Vaults:2 | Identified the ring "Wagen" {MP+9 Dex+3} (You found it on level 2 of the Vaults)
 34780 | Shoals:1 | Entered Level 1 of the Shoals
 35218 | Shoals:1 | Reached XP level 20. HP: 172/208 MP: 26/26
 35884 | Shoals:2 | Reached skill level 10 in Invocations
 37006 | Shoals:4 | Entered Level 4 of the Shoals
 37006 | Shoals:4 | Noticed Bai Suzhen
 37020 | Shoals:4 | Killed Bai Suzhen
 37233 | Shoals:4 | Killed from afar by a water nymph

Skill      XL: |  1  2  3  4  5  6  7  8  9 10 11 12 13 14 15 16 17 18 19 20 |
---------------+-------------------------------------------------------------+-----
Unarmed Combat | 1 2 3 4 5 6 8 10 11 13 14 15 17 18 19 20 21 22 | 22.5
Dodging        | 2 3 4 5 6 7 8 |  8.2
Fighting       | 2 3 4 5 6 7 8 9 10 11 12 13 14 | 14.7
Invocations    | 1 4 6 8 9 10 | 10.3
Armour         | 4 5 7 8 9 10 11 12 | 12.7
Shields        | 1 4 6 7 8 9 |  9.0
Throwing       | |  3.6
Stealth        | |  0.3

Action                   |  1- 3 |  4- 6 |  7- 9 | 10-12 | 13-15 | 16-18 | 19-21 || total
-------------------------+-------+-------+-------+-------+-------+-------+-------++-------
Melee: Unarmed           |   120 |   102 |   275 |   652 |  1153 |  1804 |   948 ||  5054
       Punch             |       |     5 |    12 |    43 |       |       |       ||    60
Throw: Large rock        |       |     3 |    19 |    59 |    57 |    38 |    50 ||   226
       Throwing net      |       |     1 |     3 |     1 |     2 |       |     3 ||    10
       Tomahawk          |       |       |       |       |     4 |    10 |     3 ||    17
Invok: Lesser Servant of |       |       |       |     2 |    30 |    58 |    26 ||   116
       Minor Destruction |       |       |       |       |     1 |     2 |     6 ||     9
       Major Destruction |       |       |       |       |       |     1 |     5 ||     6
       Greater Servant o |       |       |       |       |       |       |     1 ||     1
Evoke: Wand              |       |       |     8 |    12 |    20 |    23 |     8 ||    71
       Lightning rod     |       |       |       |     4 |     6 |    15 |     5 ||    30
  Use: Scroll            |     1 |     2 |     4 |    11 |    14 |    11 |    16 ||    59
       Potion            |       |       |       |       |     7 |    17 |     8 ||    32
 Stab: Sleeping          |     1 |     1 |     3 |     1 |       |       |       ||     6
       Held in net/web   |       |     1 |     1 |       |     1 |     2 |       ||     5
       Confused          |       |       |     1 |     3 |       |       |       ||     4
       Distracted        |       |       |       |       |     7 |    14 |     5 ||    26
  Eat: Chunk             |    16 |    11 |    16 |    67 |    81 |    68 |    61 ||   320
       Ration            |       |       |     2 |       |     1 |     5 |       ||     8
Armor: Robe              |    38 |    32 |   124 |    73 |       |       |       ||   267
       Troll leather arm |       |       |       |   109 |   152 |       |       ||   261
       Storm dragon scal |       |       |       |       |   367 |  1088 |   464 ||  1919
Dodge: Dodged            |    41 |    54 |   181 |   354 |   420 |   642 |   301 ||  1993
Block: Shield            |       |       |       |    34 |   540 |  1333 |   655 ||  2562
